 Dungeon Crawl Stone Soup version 0.31.0-32-g396128a36d (webtiles) character file.

Game seed: 2161988423877536726

56086 spaghetti the Summoner (level 14, -8/214 HPs)
             Began as an Oni Summoner on Mar 10, 2024.
             Was the Champion of Kikubaaqudgha.
             Mangled by an elephant (10 damage)
             ... on level 3 of the Lair of Beasts.
             The game lasted 00:55:34 (30649 turns).

spaghetti the Summoner (Oni Summoner)              Turns: 30649, Time: 00:55:34

Health: -8/214     AC: 31    Str: 15    XL:     14   Next: 80%
Magic:  0/46       EV:  1    Int: 20    God:    Kikubaaqudgha [******]
Gold:   982        SH:  0    Dex:  9    Spells: 7/33 levels left

rFire   . . .        Y - +6 rapier "Coavie" {freeze, MP+9}
rCold   . . .        (no shield)
rNeg    . . .        r - melded quicksilver dragon scales
rPois   +            n - melded +2 hat
rElec   .            M - melded +1 cloak
rCorr   .            (gloves unavailable)
SInv    .            (boots unavailable)
Will    +....        p - amulet of guardian spirit
Stlth   +            E - +4 ring of protection
HPRegen 0.55/turn    R - ring of magical power
MPRegen 0.30/turn

%: guardian spirit
@: tree-form
A: stationary, stasis, torment immunity, boosted hp, large, unfitting armour,
(horns 1), (tough skin 1), double potion healing, drunken brawling, (claws 1),
(iridescent scales 1), inability to drink after injury 1
a: Renounce Religion, Unearth Wretches, Torment


You were on level 3 of the Lair of Beasts.
You worshipped Kikubaaqudgha.
Kikubaaqudgha was exalted by your worship.
You were a tree.
You visited 2 branches of the dungeon, and saw 19 of its levels.

You collected 1211 gold pieces.
You spent 229 gold pieces at shops.

Inventory:

Hand Weapons
 b - the +10 great sword of the Teaching Bear {freeze, ^Contam rC+ Str+6 Dex+3}
   (You took it off a kobold brigand on level 8 of the Dungeon)

   Str+6:     It affects your strength (+6).
   Dex+3:     It affects your dexterity (+3).
   rC+:       It protects you from cold.
   ^Contam:   It causes magical contamination when unequipped.
 f - a +1 dagger of protection
 g - a +4 whip
 i - a +2 whip of venom
 s - a +0 broad axe
 x - the +7 dagger of Causality {freeze, rElec}
   (You found it on level 7 of the Dungeon)

   rElec:     It insulates you from electricity.
 F - a +0 giant spiked club
 I - a +1 scimitar of flaming
 Y - the +6 rapier "Coavie" (weapon) {freeze, MP+9}
   (You found it on level 2 of the Lair of Beasts)

   MP+9:      It affects your magic capacity (+9).
Missiles
 C - 5 curare-tipped darts
 O - 20 large rocks
Armour
 a - a +0 robe
 n - a +2 hat (melded)
 r - quicksilver dragon scales (melded)
 M - a +1 cloak (melded)
Jewellery
 e - a ring of positive energy
 h - a ring of ice
 p - an amulet of guardian spirit (around neck)
 E - a +4 ring of protection (left branch)
 N - a +5 ring of evasion
 R - a ring of magical power (right branch)
 S - a +6 ring of strength
 U - a ring of willpower
 X - a ring of resist corrosion
Wands
 d - a wand of flame (41)
 j - a wand of paralysis (4)
 m - a wand of polymorph (10)
 L - a wand of roots (3)
 V - a wand of mindburst (10)
 Z - a wand of digging (2)
Scrolls
 k - 4 scrolls of vulnerability
 l - 3 scrolls of revelation
 t - 6 scrolls of torment
 v - 10 scrolls of identify
 y - 2 scrolls of poison
 z - 3 scrolls of fog
 J - 2 scrolls of enchant armour
 K - a scroll of immolation
 T - a scroll of enchant weapon
Potions
 o - a potion of mutation
 u - 5 potions of enlightenment
 A - 2 potions of brilliance
 P - 2 potions of resistance


   Skills:
 - Level 10.0 Fighting
 + Level 8.3 Dodging
 - Level 1.4 Stealth
 - Level 10.0 Spellcasting
 - Level 8.0 Hexes
 + Level 13.8 Summonings
 + Level 11.0 Necromancy
 - Level 5.0 Ice Magic


You had 7 spell levels left.
You knew the following spells:

 Your Spells              Type           Power      Damage    Failure   Level
a - Summon Mana Viper     Hex/Summ       52%        N/A       2%          5
b - Call Imp              Summ           100%       N/A       1%          2
c - Call Canine Familiar  Summ           60%        N/A       1%          3
d - Summon Ice Beast      Ice/Summ       47%        N/A       1%          3
e - Death Channel         Necr           26%        N/A       12%         6
f - Monstrous Menagerie   Summ           30%        N/A       21%         7

Your spell library contained the following spells:

 Spells                   Type           Power      Damage    Failure   Level
 Kiss of Death            Conj/Necr      100%       2d13      1%          1
 Necrotise                Necr           100%       1d9       1%          1
 Summon Small Mammal      Summ           100%       N/A       1%          1
 Sublimation of Blood     Necr           52%        N/A       1%          2
 Confusing Touch          Hex            42%        N/A       1%          3
 Tukima's Dance           Hex            42%        N/A       1%          3
 Vampiric Draining        Necr           52%        2d9       1%          3
 Animate Dead             Necr           52%        N/A       1%          4
 Dispel Undead            Necr           52%        3d19      1%          4
 Martyr's Knell           Necr/Summ      56%        N/A       1%          4
 Curse of Agony           Necr           52%        N/A       1%          5
 Cigotuvi's Dreadful Rot  Necr/Alch/Air  48%        N/A       2%          2
 Dazzling Flash           Conj/Hex       52%        N/A       4%          3
 Summon Blazeheart Golem  Fire/Summ      37%        N/A       4%          4
 Summon Lightning Spire   Summ/Air       37%        N/A       4%          4
 Foxfire                  Conj/Fire      40%        2x1d6     7%          1
 Blink                    Tloc           20%        N/A       11%         2
 Lesser Beckoning         Tloc           20%        N/A       11%         2
 Momentum Strike          Conj/Tloc      20%        3d8       11%         2
 Mephitic Cloud           Conj/Alch/Air  10%        N/A       21%         3
 Teleport Other           Tloc           10%        N/A       21%         3
 Borgnjor's Vile Clutch   Necr/Erth      16%        N/A       21%         5
 Summon Hydra             Summ           30%        N/A       21%         7
 Haunt                    Necr/Summ      28%        N/A       34%         7
 Silence                  Hex/Air        13%        N/A       36%         5
 Yara's Violent Unravell  Hex/Alch       13%        3d7       36%         5
 Passage of Golubria      Tloc           10%        N/A       56%         4
 Petrify                  Alch/Erth      10%        N/A       56%         4
 Irradiate                Conj/Alch      5%         3d13      88%         5
 Spellforged Servitor     Conj/Summ      18%        N/A       98%         7
 Plasma Beam              Fire/Air       5%         2x1d15    100%        6
 Starburst                Conj/Fire      5%         6d4       100%        6
 Borgnjor's Revivificati  Necr           26%        N/A       99%         8
 Infestation              Necr           26%        N/A       99%         8
 Lehudib's Crystal Spear  Conj/Erth      5%         10d3      100%        8
 Death's Door             Necr           26%        N/A       100%        9


Dungeon Overview and Level Annotations

Branches:
Dungeon (15/15)            Temple (0/1) D:7            Lair (4/5) D:11
 Shoals (0/4) Lair:2        Snake (0/4) Lair:2        Slime (0/5) Lair:4
    Orc (0/2) D:11         Vaults (0/5) D:13         Depths (0/4) D:15

Altars:
Kikubaaqudgha
Trog
Uskayaw
Wu Jian
Yredelemnul
Jiyva

Shops:
D:2 (   D:14 ?

Annotations:
D:6 3 runed translucent doors, PaiMei's ghost, novice DsNe
D:8 exclusion: 2 doors
D:11 2 transporters, spaghetti's ghost, journeyman NaCK
D:14 2 runed translucent doors, FallenXxXSky's ghost, journeyman HOBe
Lair:1 2 transporters, Traejeek's ghost, journeyman DrMo
Lair:4 Urug


Innate Abilities, Weirdness & Mutations

You are a tree.
Your roots penetrate the ground, keeping you stationary.
You cannot be teleported.
You are immune to unholy pain and torment.
Your maximum health is greatly increased.
Your equipment is partially melded.
You are too large for most types of armour.
((You have a pair of small horns on your head.))
((You have tough skin. (AC +1)))
You gain doubled healing and magic from potions.
Whenever you drink a healing potion, you attack all around you.
((You have sharp fingernails.))
((You are partially covered in iridescent scales. (AC +2)))
You occasionally lose the ability to drink potions when taking damage.


Message History

You hit the nameless horror but do no damage.
The nameless horror is severely damaged.
The nameless horror struggles against the net.
The net rips apart, and the nameless horror comes free!
The elephant tramples you but does no damage.
The elephant trunk-slaps you but does no damage.
The elephant struggles against the net.
The net rips apart, and the elephant comes free!
Okay, then.
Okay, then.
Okay, then.
You hit the nameless horror. You freeze the nameless horror.
The nameless horror is severely damaged.
The nameless horror hits you but does no damage.
The elephant tramples you.
* * * LOW HITPOINT WARNING * * *
The elephant trunk-slaps you but does no damage.
The elephant tramples you.
* * * LOW HITPOINT WARNING * * *
The elephant trunk-slaps you but does no damage.
You barely miss the nameless horror.
The nameless horror is severely damaged.
The nameless horror hits you.
* * * LOW HITPOINT WARNING * * *
You feel your power leaking away.
The elephant tramples you but does no damage.
The elephant trunk-slaps you but does no damage.
The elephant tramples you but does no damage.
The elephant trunk-slaps you but does no damage.
The nameless horror hits you.
* * * LOW HITPOINT WARNING * * *
Unknown command.
Okay, then.
Okay, then.
Okay, then.
You puncture the nameless horror! You freeze the nameless horror.
You destroy the nameless horror!
That felt strangely unrewarding.
The elephant tramples you!
You die...
Kikubaaqudgha rasps: "You have failed me!
Welcome... death!"

####.#.#..>......
#........?.......
.....###......... #.#
#..†...... ##F........ #
###.......... #.
###........##..
..##.Y####..P.....#.###.
....YYY♣.†F.........# #.
.....##Y.†##........# ##
#.. #######.......# # .
#....##..# # .#..## .##
# . ..# ###


You could see 5 elephants and a blink frog.

Vanquished Creatures
  A stone giant (D:15)
  A catoblepas (D:13)
  A death yak (Lair:1)
  2 tengu warriors
  Sonja (D:12)
  An elephant (Lair:3)
  3 black mambas
  A torpor snail (Lair:3)
  A black mamba (shapeshifter) (D:14)
  4 cane toads
  3 komodo dragons
  6 nameless horrors
  3 dream sheep (Lair:4)
  A polar bear (Lair:1)
  2 blink frogs (Lair:4)
  2 wraiths
  A slime creature (D:12)
  A wyvern (Lair:3)
  3 yaks
  3 water moccasins
  An orc warrior (D:6)
  An ice beast (D:8)
  An ogre (D:15)
  2 wolves
  A centaur (D:8)
  2 gnoll sergeants (D:5)
  8 bullfrogs
  3 scorpions
  5 wights
  3 electric eels (D:10)
  A bombardier beetle (D:6)
  A gnoll bouda (D:7)
  4 hounds
  An orc priest (D:6)
  A jelly (D:6)
  Terence (D:3)
  2 orc wizards (D:8)
  4 hell rats
  2 iguanas (D:5)
  Natasha (D:3)
  7 gnolls
  A river rat (Lair:1)
  3 adders
  A white imp (D:5)
  A dart slug (D:3)
  11 orcs
  3 endoplasms (D:1)
  2 giant cockroaches
  4 goblins
  6 hobgoblins
  2 jackals (D:5)
  3 quokkas (D:2)
  5 ball pythons
  2 bats
  5 frilled lizards
  19 kobolds
  8 rats
169 creatures vanquished.

Vanquished Creatures (collateral kills)
  An ettin (D:13)
  2 hydras
  Erica (Lair:2)
  Erolcha (D:12)
  5 centaur warriors
  4 boulder beetles
  An ogre mage (D:15)
  3 tengu warriors
  8 two-headed ogres
  2 death yaks (Lair:3)
  An occultist (D:15)
  A skyshark (Lair:4)
  A skeletal warrior (D:13)
  A deep troll (D:13)
  3 orc knights
  2 deep elf pyromancers
  5 ugly things
  4 cyclopes
  A manticore (D:11)
  2 black mambas (Lair:3)
  An elephant (Lair:3)
  6 cane toads
  A kobold demonologist (D:12)
  An unseen horror (D:13)
  2 rime drakes (Lair:3)
  2 efreet (D:13)
  3 yaktaurs
  A tengu conjurer (D:14)
  5 komodo dragons
  2 trolls
  4 blink frogs
  Grinder (D:3)
  4 dream sheep (Lair:4)
  10 slime creatures
  A vampire (D:14)
  8 yaks
  A shadow (D:11)
  4 nameless horrors
  2 wraiths (D:11)
  A basilisk (Lair:1)
  3 vampire mosquitoes (D:11)
  3 steam dragons
  7 water moccasins
  An acid dragon (D:10)
  3 orc warriors
  3 sky beasts
  A black bear (D:5)
  8 wolves
  4 ogres
  5 boggarts (D:15)
  7 centaurs
  A phantom (D:7)
  4 kobold brigands
  7 bullfrogs
  2 gnoll sergeants (D:5)
  15 wights
  A bombardier beetle (D:3)
  5 electric eels
  A lava snake (D:8)
  4 hounds
  2 jellies (D:7)
  A gnoll bouda (D:5)
  An orc priest (D:15)
  4 iguanas
  11 orc wizards
  3 sleepcaps
  6 hell rats
  31 gnolls
  5 adders
  3 river rats (Lair:1)
  3 white imps
  2 dart slugs (D:4)
  A ribbon worm (D:4)
  19 orcs
  3 bats
  An endoplasm (D:4)
  2 giant cockroaches
  2 goblins
  2 hobgoblins (D:1)
  4 jackals (D:5)
  26 kobolds
  A quokka (D:3)
  2 ball pythons
  6 frilled lizards
  6 rats
341 creatures vanquished.

Vanquished Creatures (others)
  A manticore (D:8)
  A yak (Lair:3)
  A water moccasin (Lair:3)
  2 kobolds (D:8)
5 creatures vanquished.

Grand Total: 515 creatures vanquished

Notes
Turn   | Place    | Note
-------+----------+-------------------------------------------
     0 | D:1      | spaghetti the Oni Summoner began the quest for the Orb.
     0 | D:1      | Reached XP level 1. HP: 16/16 MP: 3/3
   236 | D:1      | Reached skill level 4 in Summonings
   236 | D:1      | Reached XP level 2. HP: 23/24 MP: 5/5
   285 | D:1      | Learned a level 2 spell: Call Imp
   432 | D:1      | Gained mutation: You are partially covered in iridescent
                  | scales. (AC +2) [potion of mutation]
   432 | D:1      | Gained mutation: You have sharp fingernails. [potion of
                  | mutation]
  1211 | D:2      | Found Kagyal's Weapon Shop.
  1230 | D:2      | Reached XP level 3. HP: 31/31 MP: 1/6
  1234 | D:2      | Learned a level 3 spell: Call Canine Familiar
  1743 | D:2      | Reached skill level 5 in Summonings
  1761 | D:2      | Reached XP level 4. HP: 8/39 MP: 0/7
  2195 | D:3      | Reached XP level 5. HP: 45/45 MP: 0/8
  2558 | D:3      | Reached skill level 6 in Summonings
  2634 | D:3      | Noticed Grinder
  2671 | D:3      | Paralysed by Grinder for 4 turns
  2677 | D:3      | Killed Grinder
  2678 | D:3      | Reached skill level 7 in Summonings
  2678 | D:3      | Reached XP level 6. HP: 38/53 MP: 1/9
  2779 | D:3      | Noticed Natasha
  2792 | D:3      | Killed Natasha
  2883 | D:3      | Learned a level 3 spell: Summon Ice Beast
  2909 | D:3      | Noticed Terence
  2925 | D:3      | Killed Terence
  2926 | D:3      | Reached XP level 7. HP: 40/59 MP: 2/10
  3634 | D:4      | Reached skill level 1 in Ice Magic
  3755 | D:4      | Found an ancient bone altar of Kikubaaqudgha.
  3772 | D:4      | Became a worshipper of Kikubaaqudgha
  4598 | D:4      | Noticed a steam dragon
  4633 | D:4      | Killed a steam dragon
  4837 | D:5      | Entered Level 5 of the Dungeon
  4845 | D:5      | Reached skill level 8 in Summonings
  4968 | D:5      | Reached XP level 8. HP: 57/67 MP: 1/11
  5073 | D:5      | Reached * piety under Kikubaaqudgha
  5073 | D:5      | Received a gift from Kikubaaqudgha
  5502 | D:5      | Reached skill level 9 in Summonings
  5624 | D:5      | Reached skill level 5 in Ice Magic
  5828 | D:5      | Reached XP level 9. HP: 50/74 MP: 5/12
  6053 | D:5      | Reached ** piety under Kikubaaqudgha
  6345 | D:6      | Reached skill level 10 in Summonings
  6500 | D:6      | Noticed PaiMei's ghost (novice DsNe)
  6502 | D:6      | Found a runed translucent gate.
  6503 | D:6      | Found a runed translucent gate.
  6514 | D:6      | Identified the +2 plate armour of Xodwuo {-Cast Dex+6
                  | Slay+3}
  6540 | D:6      | Found a runed translucent gate.
  7376 | D:6      | Reached skill level 1 in Fighting
  7580 | D:6      | Reached *** piety under Kikubaaqudgha
  7580 | D:6      | Received a gift from Kikubaaqudgha
  7581 | D:6      | Reached skill level 1 in Necromancy
  7961 | D:7      | Found a staircase to the Ecumenical Temple.
  8041 | D:7      | Reached skill level 11 in Summonings
  8423 | D:7      | Got the Teachings on Force and Space
  8496 | D:7      | Identified the +7 dagger of Causality {freeze, rElec}
  8544 | D:7      | Reached XP level 10. HP: 75/92 MP: 6/16
  9514 | D:8      | Found a hide-covered altar of Uskayaw.
  9618 | D:8      | Found an ornate altar of the Wu Jian Council.
 10044 | D:8      | Reached skill level 5 in Fighting
 10044 | D:8      | Reached skill level 5 in Spellcasting
 10505 | D:8      | Noticed a manticore
 10793 | D:8      | Killed a manticore
 10917 | D:8      | Reached **** piety under Kikubaaqudgha
 10946 | D:8      | Noticed a tengu warrior
 11022 | D:8      | Killed a tengu warrior
 11345 | D:8      | Identified the +10 great sword of the Teaching Bear
                  | {freeze, ^Contam rC+ Str+6 Dex+3}
 11670 | D:8      | Learned a level 5 spell: Summon Mana Viper
 11783 | D:8      | Got the Encyclopedia of the Limned Sphinx
 12196 | D:9      | Reached skill level 1 in Hexes
 12205 | D:9      | Reached skill level 5 in Necromancy
 12400 | D:9      | Noticed a two-headed ogre
 12408 | D:9      | Killed a two-headed ogre
 12409 | D:9      | Reached XP level 11. HP: 110/110 MP: 2/21
 12836 | D:9      | Noticed a centaur warrior
 12843 | D:9      | Noticed a centaur warrior
 12854 | D:9      | Killed a centaur warrior
 12856 | D:9      | Killed a centaur warrior
 13112 | D:9      | Noticed a two-headed ogre
 13121 | D:9      | Killed a two-headed ogre
 13598 | D:10     | Entered Level 10 of the Dungeon
 14249 | D:10     | Found a bloodstained altar of Trog.
 14985 | D:11     | You fall into a shaft and drop 2 floors!
 15061 | D:13     | Noticed a tengu warrior
 15069 | D:13     | Killed a tengu warrior
 15236 | D:13     | Noticed a cyclops
 15240 | D:13     | Noticed a cyclops
 15246 | D:13     | Killed a cyclops
 15247 | D:13     | Killed a cyclops
 15253 | D:13     | Noticed a deep elf pyromancer
 15260 | D:13     | Killed a deep elf pyromancer
 15278 | D:13     | Noticed a catoblepas
 15295 | D:13     | Killed a catoblepas
 15501 | D:13     | Learned a level 6 spell: Death Channel
 15509 | D:13     | Learned a level 7 spell: Monstrous Menagerie
 15693 | D:13     | Noticed an orc knight
 15724 | D:13     | Killed an orc knight
 15885 | D:13     | Noticed an ettin
 15887 | D:13     | Noticed a six-headed hydra
 15911 | D:13     | Noticed a deep troll
 16175 | D:12     | Noticed Sonja
 16212 | D:12     | Killed Sonja
 16213 | D:12     | Reached skill level 10 in Fighting
 16213 | D:12     | Reached XP level 12. HP: 112/126 MP: 4/24
 16367 | D:12     | Noticed a boulder beetle
 16376 | D:12     | Killed a boulder beetle
 16377 | D:12     | Reached skill level 5 in Hexes
 16448 | D:12     | Noticed Erolcha
 16466 | D:12     | Killed Erolcha
 16923 | D:12     | Noticed a two-headed ogre
 16931 | D:12     | Killed a two-headed ogre
 17279 | D:12     | Found a basalt altar of Yredelemnul.
 17448 | D:12     | Reached ***** piety under Kikubaaqudgha
 18110 | D:12     | Noticed a two-headed ogre
 18116 | D:12     | Killed a two-headed ogre
 18437 | D:13     | Noticed a centaur warrior
 18921 | D:13     | Killed an ettin
 19069 | D:13     | Noticed a centaur warrior
 19076 | D:13     | Killed a centaur warrior
 19122 | D:13     | Killed a six-headed hydra
 19123 | D:13     | Reached skill level 10 in Spellcasting
 19310 | D:13     | Noticed a centaur warrior
 19324 | D:13     | Killed a centaur warrior
 19662 | D:13     | Found a gate to the Vaults.
 19710 | D:13     | Noticed a centaur warrior
 19718 | D:13     | Killed a centaur warrior
 19719 | D:13     | Reached XP level 13. HP: 84/126 MP: 1/27
 20014 | D:14     | Found Katut's Magic Scroll Shop.
 20023 | D:14     | Bought a scroll of enchant armour for 127 gold pieces
 20023 | D:14     | Bought 3 scrolls of identify for 102 gold pieces
 20134 | D:14     | Reached skill level 12 in Summonings
 20213 | D:14     | Found a large runed translucent door.
 20213 | D:14     | Found a large runed translucent door.
 20235 | D:14     | Noticed FallenXxXSky's ghost (journeyman HOBe)
 21202 | D:15     | Entered Level 15 of the Dungeon
 21969 | D:15     | Reached skill level 5 in Dodging
 22466 | D:15     | Found a staircase to the Depths.
 22466 | D:15     | Noticed a stone giant
 22483 | D:15     | Killed a stone giant
 24192 | D:11     | Reached XP level 14. HP: 103/143 MP: 9/28
 24494 | D:11     | Noticed spaghetti's ghost (journeyman NaCK)
 24506 | D:11     | Found a transporter.
 24519 | D:11     | Found a transporter.
 24531 | D:11     | Found a staircase to the Lair.
 24812 | D:11     | Reached skill level 13 in Summonings
 24920 | D:11     | Found a staircase to the Orcish Mines.
 25086 | D:11     | Found a bloodstained altar of Trog.
 25274 | Lair:1   | Entered Level 1 of the Lair of Beasts
 25418 | Lair:1   | Reached skill level 10 in Necromancy
 25599 | Lair:1   | Found a transporter.
 25599 | Lair:1   | Noticed Traejeek's ghost (journeyman DrMo)
 25600 | Lair:1   | Found a transporter.
 27431 | Lair:2   | Found a staircase to the Snake Pit.
 27492 | Lair:2   | Noticed Erica
 27501 | Lair:2   | Killed Erica
 27725 | Lair:2   | Identified the +6 rapier "Coavie" {freeze, MP+9}
 28290 | Lair:2   | Found a staircase to the Shoals.
 28480 | Lair:3   | Reached ****** piety under Kikubaaqudgha
 29866 | Lair:4   | Found a staircase to the Slime Pits.
 29868 | Lair:4   | Found a viscous altar of Jiyva.
 29878 | Lair:4   | Received a gift from Kikubaaqudgha (forbidden knowledge)
 30208 | Lair:4   | Gained mutation: You occasionally lose the ability to drink
                  | potions when taking damage. [mutagenic glow]
 30577 | Lair:4   | Noticed Urug
 30630 | Lair:3   | HP: 10/214 [elephant (7)]
 30638 | Lair:3   | HP: 10/214 [elephant (2)]
 30643 | Lair:3   | HP: 10/214 [elephant (2)]
 30648 | Lair:3   | HP: 2/214 [nameless horror[miscasting Monstrous Menagerie]
                  | (4)]
 30649 | Lair:3   | Mangled by an elephant

Illustrated notes

Levels and vault maps discovered:
D:1:      minmay_arrival_semitransparent, layout_basic
D:2:      minmay_inner_zag, layout_rooms, serial_shops, shop
D:3:      layout_loops_ring, minmay_lizard_king, uniq_grinder, uniq_natasha,
          uniq_terence
D:4:      layout_rooms, nicolae_overflow_crystal_walls,
          cheibrodos_sewer_entry_bend, minmay_small_thing
D:5:      layout_cave_pools, nicolae_ossuary_entry_monument, serial_gnoll_camp,
          gnoll_camp_mini_hut, gnoll_camp_mini_doghouse, gnoll_camp_mini_hut,
          gnoll_camp_huts_moat, gnoll_camp_mini_sergeant
D:6:      layout_cave_pods, biasface_ghost_orc_armoury
D:7:      layout_loops_ring, temple_fountains
D:8:      kennysheep_kobold_camp, layout_layer_cave, nicolae_uskayaw_suspiria,
          overflow_temple_1_default, nrook_pool_corridor, minmay_pinched_square
D:9:      layout_irregular_city, minmay_checkerbox
D:10:     layout_basic, bloody_trog
D:11:     layout_cave_pools, david_lair_shrubbed, orc_0_dummy,
          gammafunk_ghost_wrathful_warriors
D:12:     layout_layer_cave, yredelemnul_altar_generic, uniq_erolcha, uniq_sonja
D:13:     minmay_inside_and_out, layout_gridville, david_vaults_4
D:14:     layout_irregular_city, ebering_ghost_disaster_area,
          minmay_misc_feat_plants, serial_shops, shop
D:15:     grunt_enter_depths_snipers, layout_basic, hangedman_decor_opposing
Lair:1:   layout_chaotic_city, gammafunk_ghost_arena, minivault_24,
          dreamdust_mushroom_princess, st_stairs_3, kennysheep_abandoned_house
Lair:2:   layout_regular_city, shoals_dummy_entry, dummy_snake_entry, uniq_erica
Lair:3:   layout_loops_ring, serial_bayou_shore_a
Lair:4:   layout_hall_layers, slime_entry_1, grunt_megastairs_5, uniq_urug

Skill      XL: |  1  2  3  4  5  6  7  8  9 10 11 12 13 14 |
---------------+-------------------------------------------+-----
Summonings     | 4 5 7 8 9 11 12 13 | 13.8
Ice Magic      | 3 5 |  5.0
Fighting       | 3 7 10 | 10.0
Necromancy     | 2 5 6 8 9 11 | 11.0
Spellcasting   | 4 6 8 10 | 10.0
Hexes          | 1 4 6 8 |  8.0
Dodging        | 3 6 8 |  8.3
Stealth        | |  1.4

Action                     |  1- 3 |  4- 6 |  7- 9 | 10-12 | 13-15 || total
---------------------------+-------+-------+-------+-------+-------++-------
  Melee: Unarmed           |    56 |       |       |       |       ||    56
         Headbutt          |    12 |    15 |    47 |    36 |    81 ||   191
         Punch             |     2 |       |     7 |     2 |     6 ||    17
         Dagger            |     3 |       |       |   170 |       ||   173
         Whip              |    47 |    75 |   252 |     6 |       ||   380
         Great sword       |       |       |       |    34 |   114 ||   148
         Rapier            |       |       |       |       |   179 ||   179
  Throw: Throwing net      |       |       |       |       |     9 ||     9
   Cast: Summon Small Mamm |    40 |    13 |     6 |       |       ||    59
         Call Imp          |    16 |    13 |    40 |    66 |    44 ||   179
         Call Canine Famil |     3 |    11 |    39 |    67 |    39 ||   159
         Summon Ice Beast  |       |     1 |    47 |    79 |    79 ||   206
         Summon Mana Viper |       |       |       |    54 |    78 ||   132
         Death Channel     |       |       |       |       |    17 ||    17
         Monstrous Menager |       |       |       |       |    13 ||    13
 Invoke: Receive Forbidden |       |       |       |       |     1 ||     1
         Unearth Wretches  |       |       |       |       |     1 ||     1
  Evoke: Wand              |       |       |       |    17 |     5 ||    22
    Use: Potion            |     4 |       |     3 |     9 |     9 ||    25
         Scroll            |     2 |       |    10 |    11 |     4 ||    27
   Stab: Distracted        |     1 |     1 |     2 |       |     5 ||     9
         Paralysed         |       |       |       |     1 |     1 ||     2
 Armour: Robe              |    81 |    50 |    30 |       |       ||   161
         Quicksilver drago |       |       |   277 |   325 |   542 ||  1144
         Skin              |       |       |       |    88 |    53 ||   141
  Dodge: Dodged            |    66 |    48 |   140 |   131 |   289 ||   674
